 Dungeon Crawl Stone Soup version 0.24-a0-284-g9fb9971df1 (webtiles) character file.

Game seed: 11878690309654043974

53 HAL9000 the Sneak (level 3, -7/18 HPs)
             Began as a Vine Stalker Assassin on May 4, 2019.
             Mangled by a gnoll
             ... wielding a +4 halberd of flaming
              (8 damage)
             ... on level 2 of the Dungeon.
             The game lasted 00:01:59 (1836 turns).

HAL9000 the Sneak (Vine Stalker Assassin)           Turns: 1836, Time: 00:02:00

Health: -7/18      AC:  2    Str: 14    XL:     3   Next: 89%
Magic:  0/4        EV: 11    Int: 11    God:
Gold:   164        SH:  4    Dex: 15    Spells: 2/2 levels left

rFire    . . .     SeeInvis .   a - +2 dagger
rCold    . . .     Gourm    .   (no shield)
rNeg     . . .     Faith    .   c - +0 robe
rPois    .         Spirit   +   m - -2 helmet (curse)
rElec    .         Reflect  +   d - +0 cloak
rCorr    .         Harm     .   (no gloves)
MR       .....                  (no boots)
Stlth    +++.......             j - +4 amulet of reflection
HPRegen  0.06/turn              (no ring)
MPRegen  0.09/turn              (no ring)

@: no status effects
A: fangs 2, magic shield, antimagic bite, no potion heal 3, rot immunity
a: no special abilities


You were on level 2 of the Dungeon.
You were hungry.

You visited 1 branch of the dungeon, and saw 2 of its levels.

You collected 164 gold pieces.

Inventory:

Hand Weapons
 a - a +2 dagger (weapon)
 b - a +0 blowgun
Missiles
 e - 21 poisoned needles
 f - 2 curare-tipped needles
Armour
 c - a +0 robe (worn)
 d - a +0 cloak (worn)
 m - a cursed -2 helmet (worn)
Jewellery
 j - a +4 amulet of reflection (around neck)
Scrolls
 k - a scroll of enchant weapon
Comestibles
 g - 4 rations


   Skills:
 - Level 1.7 Fighting
 + Level 2.3 Short Blades
 - Level 1.7 Throwing
 - Level 0.7 Dodging
 + Level 6.3 Stealth


You had 2 spell levels left.
You didn't know any spells.
Your spell library was empty.

Dungeon Overview and Level Annotations

Branches:
Dungeon (2/15)

Altars:


Innate Abilities, Weirdness & Mutations

You have extremely sharp teeth.
When hurt, damage is shared between your health and your magic reserves.
Your bite disrupts and absorbs the magic of your enemies.
Potions cannot restore your health.
You are immune to rotting.


Message History

Moving in this stuff is going to be slow.
You enter the shallow water.
Moving in this stuff is going to be slow.
You see here a dagger.
A gnoll comes into view. It is wielding a +4 halberd of flaming.
There are monsters nearby!
There are monsters nearby!
A gnoll comes into view.
The gnoll shouts!
A gnoll comes into view.
There is a stone staircase leading up here.
There is a stone staircase leading up here.
You hit the gnoll. You bite the gnoll, but do no damage.
The gnoll is lightly wounded.
The gnoll hits you.
The gnoll hits you from afar with a +4 halberd of flaming!!
Ouch! That really hurt!
* * * LOW HITPOINT WARNING * * *
The gnoll burns you!
You die...

##########≈≈≈≈≈PP≈≈≈≈, ########
#......#..≈≈P≈≈P≈≈≈≈≈, #......#
#......#..P≈P.≈...≈,≈, #......#
#......#....b.....,,,, #......#
#......#..........,,,,
#......###..........g......,,,,
#.......##.....g#.....##...**,,
#.............g.#.....#***,****
#......#......@.#.....# *,,*
###........#......##.#### **,***
..........)......##...** *,,,,
.##.......#....###,....** ****,,
.♣♣####...####..#,.....,****,,>,*
≈≈♣ #.### ##..#,,,_,,,*,,,,,,,,
≈♣♣ ###.## #..##,,,,,,,*,**,,,,,
≈P♣ #....####...#*,,,,,**,**,**,,
≈♣♣♣♣♣♣.†......##**,,,**.,,,,**,,


You could see 2 gnolls.

Vanquished Creatures
  An adder (D:2)
  2 oozes
  2 dart slugs (D:1)
  2 leopard geckos (D:1)
  7 bats
  2 giant cockroaches (D:1)
  5 hobgoblins
  2 kobolds
  A frilled lizard (D:1)
  3 goblins
  2 rats
29 creatures vanquished.

Notes
Turn   | Place    | Note
-------+----------+-------------------------------------------
     0 | D:1      | HAL9000 the Vine Stalker Assassin began the quest for the
                  | Orb.
     0 | D:1      | Reached XP level 1. HP: 11/11 MP: 2/2
    53 | D:1      | Reached skill level 5 in Stealth
   292 | D:1      | Reached XP level 2. HP: 15/15 MP: 3/3
   753 | D:1      | Reached skill level 6 in Stealth
   753 | D:1      | Reached XP level 3. HP: 13/18 MP: 4/4
   756 | D:1      | You fall through a shaft!
  1836 | D:2      | Mangled by a gnoll

Levels and vault maps discovered:
D:1:      psy_arrival_wood_between_worlds, layout_loops_ring
D:2:      layout_rooms, lemuel_round_altar, serial_bayou, serial_bayou_crossing,
          serial_bayou_shore_a, serial_bayou_pond_b, serial_bayou_pond_e

Skill      XL: |  1  2 |
---------------+-------+-----
Stealth        | 5 6 |  6.3
Short Blades   | 2 |  2.3
Fighting       | |  1.7
Throwing       | |  1.7
Dodging        | |  0.7

Action                   || total
-------------------------++-------
Melee: Dagger            ||    93
       Bite              ||    22
  Use: Scroll            ||     4
       Potion            ||     1
 Stab: Sleeping          ||     4
  Eat: Chunk             ||     2
Armor: Robe              ||    26
Dodge: Dodged            ||    43
Block: Other             ||    17

Table legend:
 A = Non-vault XP
 B = Vault XP
 C = Vault XP percentage of total XP
 D = Non-vault monster count
 E = Vault monster count
 F = Vault count percentage of total count
                 A         B        C        D         E       F
            +---------+---------+-------+---------+---------+-------
      Total |      59 |      18 |  23.4 |      25 |       4 |  13.8
            +---------+---------+-------+---------+---------+-------
        D:1 |      44 |       0 |   0.0 |      19 |       0 |   0.0
        D:2 |      15 |      18 |  54.5 |       6 |       4 |  40.0
            +---------+---------+-------+---------+---------+-------
